 Dungeon Crawl Stone Soup version 0.19-a0-751-gbe1ce7d (webtiles) character file.

597 Blunderbuss the Skirmisher (level 7, -5/55 HPs)
             Began as a Demonspawn Berserker on June 25, 2016.
             Was a Priest of Trog.
             Slain by an ogre
             ... wielding a cursed -1 giant club
              (14 damage)
             ... on level 4 of the Dungeon.
             The game lasted 00:12:48 (2565 turns).

Blunderbuss the Skirmisher (Demonspawn Berserker)   Turns: 2565, Time: 00:12:48

Health: -5/55      AC: 13    Str: 19      XL:     7   Next: 17%
Magic:  0/7        EV:  9    Int:  7 (8)  God:    Trog [***...]
Gold:   132        SH:  0    Dex: 13      Spells: 0 memorised, 6 levels left

rFire  . . .     SeeInvis .     a - +1 falchion
rCold  . . .     Gourm    .     d - +0 chain mail
rNeg   . . .     Faith    .     (no shield)
rPois  .         Spirit   +     (helmet restricted)
rElec  .         Dismiss  .     i - +0 cloak
rCorr  +         Reflect  .     (no gloves)
SustAt .         Harm     .     l - +2 pair of boots
MR     .....                    (no amulet)
Stlth  ..........               (no ring)
                                s - ring of resist corrosion

@: not resistant to hostile enchantments, extremely unstealthy
A: claws 1, horns 1, talons 1, powered by death 1, magic shield
a: Berserk, Trog's Hand, Burn Spellbooks, Renounce Religion


You were on level 4 of the Dungeon.
You worshipped Trog.
Trog was most pleased with you.
You were not hungry.

You visited 1 branch of the dungeon, and saw 4 of its levels.

You collected 132 gold pieces.

Inventory:

Hand Weapons
 a - a +1 falchion (weapon)
Armour
 d - a +0 chain mail (worn)
 i - a +0 cloak (worn)
 l - a +2 pair of boots (worn)
Jewellery
 h - an uncursed ring of fire
 s - a ring of resist corrosion (left claw)
Scrolls
 g - a scroll of remove curse
Potions
 p - a potion of lignification {unknown}
 q - a potion of cure mutation {unknown}
Comestibles
 c - 3 bread rations


   Skills:
 + Level 4.8 Fighting
 + Level 4.3 Long Blades
 + Level 3.7 Armour
 + Level 3.9 Dodging
 + Level 0.6 Stealth


You had 6 spell levels left.
You didn't know any spells.

Dungeon Overview and Level Annotations

Branches:
Dungeon (4/15)
 Temple: D:4-7

Altars:
Qazlal
Xom


Innate Abilities, Weirdness & Mutations

You have sharp fingernails.
You have a pair of small horns on your head.
You have sharp toenails.
You regenerate a little health from kills.
When hurt, damage is shared between your health and your magic reserves.


Message History

The giant frog skeleton closely misses you.
You hit the giant frog skeleton.
The giant frog skeleton barely misses you.
The giant frog skeleton hits you.
You slash the giant frog skeleton!
The giant frog skeleton hits you but does no damage.
You slash the giant frog skeleton! You headbutt the giant frog skeleton.
You destroy the giant frog skeleton!
You barely miss the ogre. The ogre closely misses you.
You hit the ogre.
The ogre is lightly wounded.
The ogre hits you with a giant club!
You slash the ogre!
The ogre is heavily wounded.
The ogre hits you with a giant club!
* * * LOW HITPOINT WARNING * * *
You barely miss the ogre.
The ogre is heavily wounded.
The ogre hits you with a giant club!
You die...

#......†........#.......#
#.....##.......##.......#
#.....###########.......# ..
#...........[...#?......# ...
#..........)....'...[...# ....
#..........)(...#.......##..>.
#.....##.......##.............
#.....###########.............
#......#......>@O.............
#......#.......##.....†.##....
#......#.......##.......####+#
#......#........[.............
#......#......................
#.....##...[..................
#######........).............[
#..(.....##.............
######+####.............


You could see an ogre.

Vanquished Creatures
  An ogre (D:4)
  The ghost of Blunderbuss the Skirmisher, an amateur FoBe of Trog (D:3)
  2 scorpions (D:4)
  A hound (D:4)
  An orc priest (D:3)
  A giant frog skeleton (D:4)
  Ijyb (D:3)
  2 worker ants
  3 adders
  3 gnolls (D:2)
  4 worms
  3 dart slugs
  2 giant geckos
  14 orcs
  2 ball pythons (D:3)
  9 bats
  14 goblins
  7 hobgoblins
  3 jackals (D:3)
  5 kobolds
  3 quokkas
  2 giant newts
  6 rats
90 creatures vanquished.

Notes
Turn   | Place    | Note
--------------------------------------------------------------
     0 | D:1      | Blunderbuss the Demonspawn Berserker began the quest for the Orb.
     0 | D:1      | Reached XP level 1. HP: 18/18 MP: 1/1
     2 | D:1      | Noticed a tengu
     2 | D:1      | Noticed a demonspawn
     4 | D:1      | Noticed a spriggan
     4 | D:1      | Noticed a human
     6 | D:1      | Noticed a merfolk
     6 | D:1      | Noticed a halfling
    10 | D:1      | Noticed a felid
    10 | D:1      | Noticed a ghoul
    12 | D:1      | Noticed a demigod
    12 | D:1      | Noticed a draconian
    14 | D:1      | Noticed a minotaur
    14 | D:1      | Noticed a gargoyle
    16 | D:1      | Noticed a formicid
    16 | D:1      | Noticed an ogre
    18 | D:1      | Noticed an elf
    20 | D:1      | Noticed a dwarf
    22 | D:1      | Noticed a naga
    22 | D:1      | Noticed a vampire
    24 | D:1      | Noticed a vine stalker
    24 | D:1      | Noticed a troll
    26 | D:1      | Noticed an octopode
    26 | D:1      | Noticed a centaur
   163 | D:1      | Gained mutation: When hurt, damage is shared between your health and your magic reserves. [demonic ancestry]
   163 | D:1      | Reached XP level 2. HP: 18/24 MP: 2/2
   447 | D:2      | Reached ** piety under Trog
   464 | D:2      | Found a shimmering altar of Xom.
   506 | D:2      | Gained mutation: You have sharp toenails. [demonic ancestry]
   506 | D:2      | Reached XP level 3. HP: 10/29 MP: 3/3
   974 | D:2      | Noticed an air elemental
   976 | D:2      | Found a stormy altar of Qazlal.
   977 | D:2      | Noticed a fire elemental
   977 | D:2      | Noticed an earth elemental
   977 | D:2      | Noticed a water elemental
  1145 | D:2      | Gained mutation: You regenerate a little health from kills. [demonic ancestry]
  1145 | D:2      | Reached XP level 4. HP: 11/37 MP: 0/4
  1394 | D:3      | Noticed Blunderbuss's ghost (amateur FoBe)
  1431 | D:3      | Killed Blunderbuss's ghost
  1431 | D:3      | Gained mutation: You have a pair of small horns on your head. [demonic ancestry]
  1431 | D:3      | Reached XP level 5. HP: 42/42 MP: 3/5
  1599 | D:3      | Reached *** piety under Trog
  1834 | D:3      | Noticed Ijyb
  1837 | D:3      | Gained mutation: You have sharp fingernails. [demonic ancestry]
  1837 | D:3      | Reached XP level 6. HP: 49/49 MP: 6/6
  1857 | D:3      | Killed Ijyb
  2448 | D:4      | Reached XP level 7. HP: 54/55 MP: 7/7
  2565 | D:4      | Slain by an ogre

Vault maps used:
D:1:      kb_arrival_jail, item_on_display_a
D:2:      nicolae_qazlal_style_of_elements, xom_teletrap_fun
D:3:      kennysheep_goblin_castle

Skill      XL: |  1  2  3  4  5  6 |
---------------+-------------------+-----
Long Blades    | 3 4 |  4.3
Dodging        | 2 3 |  3.9
Armour         | 2 3 |  3.7
Fighting       | 4 |  4.8
Stealth        | |  0.6

Action                   |  1- 3 |  4- 6 |  7- 9 || total
-------------------------+-------+-------+-------++-------
Melee: Falchion          |   144 |   211 |    37 ||   392
       Kick              |    24 |     2 |       ||    26
       Headbutt          |       |    32 |     5 ||    37
Invok: Berserk           |     1 |     1 |       ||     2
  Use: Scroll            |     2 |     1 |     6 ||     9
       Potion            |       |     3 |       ||     3
  Eat: Royal jelly       |     1 |     1 |       ||     2
       Fruit             |       |     4 |       ||     4
       Bread ration      |       |     1 |       ||     1
Armor: Animal skin       |    38 |       |       ||    38
       Ring mail         |    27 |    24 |       ||    51
       Chain mail        |       |    76 |    28 ||   104
Dodge: Dodged            |   137 |   110 |    19 ||   266
